Sabres vs Oilers

Created - 1 mars 2016 at 19:09

Goals
1 2 3 T
Sabres 1 3 0 4
Oilers 3 1 1 5
Shots
1 2 3 T
Sabres 9 15 5 29
Oilers 17 16 5 38

1st period

1. Oilers , Ilya Kovalchuk 27 (Paul Stastny, David Hale) at 1:10
2. Oilers , Patrick Kane 31 (Jonathan Toews, Zach Bogosian) at 3:32
3. Oilers , Ilya Kovalchuk 28 (Paul Stastny, Ian White) at 8:06
4. Sabres , Niclas Bergfors 31 (Derick Brassard) at 8:25 (PP)

Penalties :
Danny Richmond (Edm) for High sticking (Minor) at 8:20, Ilya Kovalchuk (Edm) for Boarding (Minor) at 18:35

2nd period

5. Sabres , Nathan Paetsch 3 (Sam Gagner, Antoine Roussel) at 1:31
6. Oilers , Wayne Simmonds 6 (Brian Sutherby, Kurt Sauer) at 3:36
7. Sabres , Ryan Hollweg 16 (Niclas Bergfors, Derick Brassard) at 5:36 (PP)
8. Sabres , Steve Downie 25 (Johnny Boychuk, Sam Gagner) at 11:36 (PP)

Penalties :
Ilya Kovalchuk (Edm) for Tripping (Minor) at 4:04, Tomas Fleischmann (Edm) for Hooking (Minor) at 8:46, Zach Bogosian (Edm) for Holding (Minor) at 11:20, Ryan Hollweg (Buf) for Hooking (Minor) at 18:37

3rd period

9. Oilers , Oleg Saprykin 11 (Brian Sutherby, Patrick Kaleta) at 7:50

Penalties :
Danny Richmond (Edm) for Holding (Minor) at 0:59, Danny Richmond (Edm) for Unsportsmanlike conduct (Minor) at 9:23, Ryan Hollweg (Buf) for Holding (Minor) at 13:10, Brian Sutherby (Edm) for Interference (Minor) at 18:38

Goalie Stats

Jonas Hiller (Buf), 33 saves from 38 shots - (0,868), L, 3-3-0, 59:10 minutes
Cam Ward (Edm), 25 saves from 29 shots - (0,862), W, 23-18-3, 60:00 minutes

Players Stats for Sabres

Player Name              G  A  P  +/- PIM S  H  SB GA TA FO     MP     PP MP  PK MP  
------------------------------------------------------------------------------------
Antoine Roussel          0  1  1  -2  0   1  1  1  0  0  0/1    17:24   5:03   0:00 
Daniel Cleary            0  0  0   0  0   2  2  0  0  0  0/0    10:14   0:40   0:37 
Derick Brassard          0  2  2  -1  0   4  0  0  3  0  16/34  22:17   5:31   0:00 
Greg Campbell            0  0  0  -1  0   2  0  0  0  1  4/10    9:30   0:00   2:49 
Jay McKee                0  0  0  -2  0   0  1  1  0  1  0/0    20:24   4:53   1:36 
Johnny Boychuk           0  1  1  -2  0   0  0  2  0  0  0/0    20:24   4:53   1:36 
Jonas Hoglund            0  0  0  -1  0   0  0  0  0  0  0/0     7:20   0:27   0:00 
Joni Pitkanen            0  0  0  -2  0   2  0  3  0  2  0/0    25:12   6:17   2:22 
Michael Rupp             0  0  0  -1  0   2  0  0  0  0  0/0     8:08   0:42   0:32 
Mike Fisher              0  0  0   0  0   2  1  0  0  0  3/6     9:41   0:00   0:37 
Mike Leclerc             0  0  0   0  0   0  0  0  0  1  0/1    10:50   0:06   2:49 
Nathan Paetsch           1  0  1   0  0   2  0  2  1  1  0/0    14:24   0:00   0:00 
Niclas Bergfors          1  1  2  -1  0   8  2  1  1  0  0/1    22:08   5:27   0:00 
Ole-Kristian Tollefsen   0  0  0  -2  0   1  0  5  1  1  0/0    25:12   6:17   2:22 
Ryan Hollweg             1  0  1  -1  4   2  0  2  1  1  1/2    23:08   5:28   0:00 
Sam Gagner               0  2  2  -2  0   0  2  0  0  0  6/21   17:56   5:03   0:32 
Steve Downie             1  0  1  -2  0   1  1  1  0  0  0/1    17:24   5:03   0:00 
Tyler Sloan              0  0  0   0  0   0  0  0  1  0  0/0    14:24   0:00   0:00 

Players Stats for Oilers

Player Name              G  A  P  +/- PIM S  H  SB GA TA FO     MP     PP MP  PK MP  
------------------------------------------------------------------------------------
Brian Sutherby           0  2  2   2  2   3  1  0  0  0  7/13   11:20   0:00   4:56 
Danny Richmond           0  0  0   0  6   2  0  2  2  1  0/0    21:21   1:55   3:35 
David Hale               0  1  1   0  0   2  0  0  0  0  0/0    16:37   0:00   1:07 
Ian White                0  1  1   0  0   2  1  1  0  0  0/0    25:28   2:03   6:01 
Ilya Kovalchuk           2  0  2   1  4   6  2  0  2  1  1/1    17:32   2:13   0:06 
Jonathan Toews           0  1  1   1  0   2  1  0  2  0  19/24  17:08   1:45   0:35 
Kurt Sauer               0  1  1   4  0   0  1  0  0  2  0/0    19:51   2:03   5:09 
Oleg Saprykin            1  0  1   2  0   1  0  0  0  0  1/1    12:09   0:00   5:44 
Patrick Kaleta           0  1  1   0  0   2  0  0  0  0  0/1     8:22   0:00   0:00 
Patrick Kane             1  0  1   1  0   6  0  0  2  1  1/3    16:33   1:45   0:00 
Paul Stastny             0  2  2   1  0   1  0  0  0  0  7/17   16:51   2:13   0:00 
Peter Regin              0  0  0   0  0   1  0  0  0  0  8/13   14:22   0:00   5:21 
Rob Scuderi              0  0  0   0  0   0  3  3  0  2  0/0    22:57   0:00   6:01 
Steve Begin              0  0  0   0  0   4  3  0  0  0  0/0    14:31   0:00   5:38 
Ted Purcell              0  0  0   1  0   0  0  1  0  0  2/3    16:51   2:13   0:00 
Tomas Fleischmann        0  0  0   1  2   2  1  0  0  0  1/1    16:40   1:45   0:00 
Wayne Simmonds           1  0  1   2  0   2  0  0  0  0  0/0     6:00   0:00   0:00 
Zach Bogosian            0  1  1   4  2   2  0  0  0  1  0/0    14:09   1:55   0:27 

3 Stars

1 - Ilya Kovalchuk (Edm)
2 - Kurt Sauer (Edm)
3 - Niclas Bergfors (Buf)

Power Play

Sabres - 3 on 8 Attempt(s) - 37,50%
Oilers - 0 on 2 Attempt(s) - 0,00%

Penalty Kill

Sabres - 2 on 2 Attempt(s) - 100,00% - Score 0 goal in Penalty Kill
Oilers - 5 on 8 Attempt(s) - 62,50% - Score 0 goal in Penalty Kill

Team Stat

Sabres - Hits : 10 - Faceoff Wins : 30 - Blocked Shots : 18 - Penalty Minutes : 4
Oilers - Hits : 13 - Faceoff Wins : 47 - Blocked Shots : 7 - Penalty Minutes : 16

Official

Referees : L'Ecuyer Frederick and Dwyer Gord
Linesman : Pierre Champoux and Ryan Galloway

Game Notes

3:32 of 1st period - Oilers goal is going for a video replay. After video review, Goal.

Finance

Level 1 -- Attendance: 5963 (99,38%) -- Ticket Income 512 818 $
Level 2 -- Attendance: 5000 (100,00%) -- Ticket Income 260 000 $
Level 3 -- Attendance: 1916 (95,80%) -- Ticket Income 61 312 $
Level 4 -- Attendance: 3704 (92,60%) -- Ticket Income 81 488 $
Luxury Box -- Attendance: 959 (95,90%) -- Ticket Income 161 112 $
Game was played at the Rexall Place.
Total Attendance: 17542 (97,46%)
Total Ticket Income: 1 076 730 $
Other Income: 161 510 $
Total Income: 1 238 240 $

Sabres

5 vs 5 Forward 
   Center                   Left Wing                Right Wing               Time % Phy DF OF 
 1 Derick Brassard          Ryan Hollweg             Niclas Bergfors          40     1   2  2  
 2 Sam Gagner               Antoine Roussel          Steve Downie             30     1   2  2  
 3 Mike Fisher              Mike Leclerc             Daniel Cleary            20     1   3  1  
 4 Greg Campbell            Michael Rupp             Jonas Hoglund            10     1   3  1  

5 vs 5 Defense 
   Defense                  Defense                                           Time % Phy DF OF 
 1 Joni Pitkanen            Ole-Kristian Tollefsen                            30     1   3  1  
 2 Johnny Boychuk           Jay McKee                                         30     1   3  1  
 3 Tyler Sloan              Nathan Paetsch                                    30     1   3  1  
 4 Joni Pitkanen            Ole-Kristian Tollefsen                            10     1   2  2  

PowerPlay Forward 
   Center                   Left Wing                Right Wing               Time % Phy DF OF 
 1 Derick Brassard          Ryan Hollweg             Niclas Bergfors          60     1   1  3  
 2 Sam Gagner               Antoine Roussel          Steve Downie             40     1   1  3  

PowerPlay Defense
   Defense                  Defense                                           Time % Phy DF OF 
 1 Joni Pitkanen            Ole-Kristian Tollefsen                            60     1   2  2  
 2 Johnny Boychuk           Jay McKee                                         40     1   2  2  

Penalty Kill 4 Players Forward 
   Center                   Wing                     Time % Phy DF OF 
 1 Greg Campbell            Mike Leclerc             60     1   4  0  
 2 Mike Fisher              Daniel Cleary            40     1   4  0  

Penalty Kill 4 Players Defense
   Defense                  Defense                  Time % Phy DF OF 
 1 Joni Pitkanen            Ole-Kristian Tollefsen   60     1   4  0  
 2 Johnny Boychuk           Jay McKee                40     1   4  0  

Penalty Kill - 3 Players Forward 
   Forward                                           Time % Phy DF OF 
 1 Mike Leclerc                                      60     1   4  0  
 2 Daniel Cleary                                     40     1   4  0  

Penalty Kill - 3 Players Defense
   Defense                  Defense                  Time % Phy DF OF 
 1 Joni Pitkanen            Ole-Kristian Tollefsen   60     1   4  0  
 2 Johnny Boychuk           Jay McKee                40     1   4  0  

4 vs 4 Forward 
   Center                   Wing                     Time % Phy DF OF 
 1 Derick Brassard          Niclas Bergfors          60     1   2  2  
 2 Steve Downie             Antoine Roussel          40     1   2  2  

4 vs 4 Defense
   Defense                  Defense                  Time % Phy DF OF 
 1 Joni Pitkanen            Ole-Kristian Tollefsen   60     1   3  1  
 2 Johnny Boychuk           Jay McKee                40     1   3  1  

Last Minutes Offensive
   Center                   Left Wing                Right Wing               Defense                  Defense                  
   Derick Brassard          Ryan Hollweg             Niclas Bergfors          Joni Pitkanen            Ole-Kristian Tollefsen   

Last Minutes Defensive
   Center                   Left Wing                Right Wing               Defense                  Defense                  
   Greg Campbell            Antoine Roussel          Steve Downie             Joni Pitkanen            Ole-Kristian Tollefsen   

Goaltenders
Starting : Jonas Hiller             
Backup : Ty Conklin               

Extra Forwards
Normal : Michael Rupp, Daniel Cleary, Mike Leclerc - PP : Michael Rupp, Daniel Cleary - PK : Mike Leclerc
Extra Defensemen
Normal : Tyler Sloan, Nathan Paetsch, Johnny Boychuk - PP : Tyler Sloan - PK : Nathan Paetsch, Johnny Boychuk
Penalty Shots
Derick Brassard, Niclas Bergfors, Steve Downie, Jonas Hoglund, Ryan Hollweg

Oilers

5 vs 5 Forward 
   Center                   Left Wing                Right Wing               Time % Phy DF OF 
 1 Jonathan Toews           Tomas Fleischmann        Patrick Kane             38     1   2  2  
 2 Paul Stastny             Ilya Kovalchuk           Ted Purcell              37     1   2  2  
 3 Peter Regin              Steve Begin              Patrick Kaleta           15     1   2  2  
 4 Brian Sutherby           Oleg Saprykin            Wayne Simmonds           10     1   2  2  

5 vs 5 Defense 
   Defense                  Defense                                           Time % Phy DF OF 
 1 Ian White                Rob Scuderi                                       35     1   2  2  
 2 Danny Richmond           David Hale                                        34     1   2  2  
 3 Kurt Sauer               Zach Bogosian                                     26     1   2  2  
 4 Ian White                Kurt Sauer                                        5      1   2  2  

PowerPlay Forward 
   Center                   Left Wing                Right Wing               Time % Phy DF OF 
 1 Jonathan Toews           Tomas Fleischmann        Patrick Kane             50     0   2  3  
 2 Paul Stastny             Ilya Kovalchuk           Ted Purcell              50     0   2  3  

PowerPlay Defense
   Defense                  Defense                                           Time % Phy DF OF 
 1 Ian White                Kurt Sauer                                        50     1   2  2  
 2 Danny Richmond           Zach Bogosian                                     50     1   2  2  

Penalty Kill 4 Players Forward 
   Center                   Wing                     Time % Phy DF OF 
 1 Peter Regin              Steve Begin              50     1   3  1  
 2 Brian Sutherby           Oleg Saprykin            50     1   3  1  

Penalty Kill 4 Players Defense
   Defense                  Defense                  Time % Phy DF OF 
 1 Ian White                Rob Scuderi              50     1   3  1  
 2 Danny Richmond           Kurt Sauer               50     1   3  1  

Penalty Kill - 3 Players Forward 
   Forward                                           Time % Phy DF OF 
 1 Ilya Kovalchuk                                    50     1   4  0  
 2 Jonathan Toews                                    50     1   4  0  

Penalty Kill - 3 Players Defense
   Defense                  Defense                  Time % Phy DF OF 
 1 Ian White                Rob Scuderi              50     1   4  0  
 2 Danny Richmond           Kurt Sauer               50     1   4  0  

4 vs 4 Forward 
   Center                   Wing                     Time % Phy DF OF 
 1 Paul Stastny             Ilya Kovalchuk           50     1   2  2  
 2 Jonathan Toews           Patrick Kane             50     1   2  2  

4 vs 4 Defense
   Defense                  Defense                  Time % Phy DF OF 
 1 Ian White                Rob Scuderi              50     1   2  2  
 2 Danny Richmond           Kurt Sauer               50     1   2  2  

Last Minutes Offensive
   Center                   Left Wing                Right Wing               Defense                  Defense                  
   Jonathan Toews           Ilya Kovalchuk           Patrick Kane             Danny Richmond           Ian White                

Last Minutes Defensive
   Center                   Left Wing                Right Wing               Defense                  Defense                  
   Jonathan Toews           Ilya Kovalchuk           Patrick Kane             Danny Richmond           Ian White                

Goaltenders
Starting : Cam Ward                 
Backup : Sebastien Caron          

Extra Forwards
Normal : Ilya Kovalchuk, Patrick Kane, Jonathan Toews - PP : Wayne Simmonds, Oleg Saprykin - PK : Steve Begin
Extra Defensemen
Normal : Zach Bogosian, Rob Scuderi, Ian White - PP : David Hale - PK : David Hale, Zach Bogosian
Penalty Shots
Patrick Kane, Ilya Kovalchuk, Jonathan Toews, Paul Stastny, Tomas Fleischmann

% Time on Ice - Sabres

Lines # - Real PCT - Wanted PCT - Time Play
Normal Forward
1 - 37% - 40% - 16:46
2 - 30% - 30% - 13:30
3 - 18% - 20% - 7:55
4 - 15% - 10% - 6:41
Normal Defense
1 - 31% - 30% - 14:05
2 - 31% - 30% - 13:55
3 - 32% - 30% - 14:24
4 - 5% - 10% - 2:28
PP Forward
1 - 55% - 60% - 6:07
2 - 45% - 40% - 5:03
PP Defense
1 - 56% - 60% - 6:17
2 - 44% - 40% - 4:53
PK Forward
1 - 84% - 60% - 3:21
2 - 16% - 40% - 0:37
PK Defense
1 - 60% - 60% - 2:22
2 - 40% - 40% - 1:36
PK3 Forward
1 - 0% - 60%
2 - 0% - 40%
PK3 Defense
1 - 0% - 60%
2 - 0% - 40%
44 Forward
1 - 0% - 60%
2 - 0% - 40%
44 Defense
1 - 0% - 60%
2 - 0% - 40%
Last Minute Offensive  - 0:00
Last Minute Defensive  - 0:00
Total
Forward - 60:00
Defense - 60:00

% Time on Ice - Oilers

Lines # - Real PCT - Wanted PCT - Time Play
Normal Forward
1 - 34% - 38% - 15:27
2 - 34% - 37% - 15:03
3 - 19% - 15% - 8:22
4 - 13% - 10% - 6:00
Normal Defense
1 - 38% - 35% - 16:56
2 - 38% - 34% - 17:07
3 - 23% - 26% - 10:21
4 - 1% - 5% - 0:28
PP Forward
1 - 44% - 50% - 1:45
2 - 56% - 50% - 2:13
PP Defense
1 - 52% - 50% - 2:03
2 - 48% - 50% - 1:55
PK Forward
1 - 48% - 50% - 5:21
2 - 52% - 50% - 5:49
PK Defense
1 - 54% - 50% - 6:01
2 - 46% - 50% - 5:09
PK3 Forward
1 - 0% - 50%
2 - 0% - 50%
PK3 Defense
1 - 0% - 50%
2 - 0% - 50%
44 Forward
1 - 0% - 50%
2 - 0% - 50%
44 Defense
1 - 0% - 50%
2 - 0% - 50%
Last Minute Offensive  - 0:00
Last Minute Defensive  - 0:00
Total
Forward - 60:00
Defense - 60:00

Play by Play

1st period


0:01 of 1st period - Jonathan Toews wins face-off versus Derick Brassard in neutral zone.
0:13 of 1st period - Icing by Rob Scuderi.
0:14 of 1st period - Jonathan Toews wins face-off versus Sam Gagner in Oilers zone.
0:40 of 1st period - Patrick Kane is hit by Mike Fisher.
1:10 of 1st period - Snap shot by Ilya Kovalchuk.
1:10 of 1st period - Goal by Ilya Kovalchuk - Sabres : 0 - Oilers : 1.
1:11 of 1st period - Greg Campbell wins face-off versus Paul Stastny in neutral zone.
1:22 of 1st period - Slapshot by Paul Stastny.
1:22 of 1st period - Shot Blocked by Ole-Kristian Tollefsen.
2:11 of 1st period - Icing by Danny Richmond.
2:12 of 1st period - Sam Gagner wins face-off versus Brian Sutherby in Oilers zone.
2:37 of 1st period - Danny Richmond is hit by Daniel Cleary and loses puck.
3:02 of 1st period - Wrist shot by Tomas Fleischmann.
3:02 of 1st period - Stopped by Jonas Hiller without a rebound.
3:03 of 1st period - Jonathan Toews wins face-off versus Derick Brassard in Sabres zone.
3:08 of 1st period - Snap shot by Patrick Kane.
3:08 of 1st period - Shot Blocked by Joni Pitkanen.
3:30 of 1st period - Snap shot by Patrick Kane.
3:30 of 1st period - Shot Misses the Net.
3:32 of 1st period - Wrist shot by Patrick Kane.
3:32 of 1st period - Oilers goal is going for a video replay.
3:32 of 1st period - The goal is good.
3:32 of 1st period - Goal by Patrick Kane - Sabres : 0 - Oilers : 2.
3:33 of 1st period - Ted Purcell wins face-off versus Mike Fisher in neutral zone.
3:36 of 1st period - Snap shot by Ilya Kovalchuk.
3:36 of 1st period - Stopped by Jonas Hiller without a rebound.
3:37 of 1st period - Paul Stastny wins face-off versus Mike Leclerc in Sabres zone.
3:52 of 1st period - Wrist shot by Mike Fisher.
3:52 of 1st period - Stopped by Cam Ward without a rebound.
3:53 of 1st period - Peter Regin wins face-off versus Derick Brassard in Oilers zone.
4:18 of 1st period - Ted Purcell is hit by Sam Gagner and loses puck.
4:43 of 1st period - Slapshot by Patrick Kane.
4:43 of 1st period - Shot Misses the Net.
4:59 of 1st period - Wrist shot by Patrick Kane.
4:59 of 1st period - Stopped by Jonas Hiller without a rebound.
5:00 of 1st period - Brian Sutherby wins face-off versus Mike Fisher in Sabres zone.
5:15 of 1st period - Snap shot by Brian Sutherby.
5:15 of 1st period - Deflect By Wayne Simmonds.
5:15 of 1st period - Stopped by Jonas Hiller with a rebound.
5:54 of 1st period - Icing by Kurt Sauer.
5:55 of 1st period - Jonathan Toews wins face-off versus Sam Gagner in Oilers zone.
6:17 of 1st period - Wrist shot by Jonathan Toews.
6:17 of 1st period - Shot Misses the Net.
6:27 of 1st period - Snap shot by Patrick Kane.
6:27 of 1st period - Stopped by Jonas Hiller without a rebound.
6:28 of 1st period - Derick Brassard wins face-off versus Peter Regin in Sabres zone.
7:02 of 1st period - Wrist shot by Ilya Kovalchuk.
7:02 of 1st period - Shot Blocked by Ole-Kristian Tollefsen.
7:18 of 1st period - Backhand shot by Danny Richmond.
7:18 of 1st period - Stopped by Jonas Hiller with a rebound.
7:20 of 1st period - Snap shot by Oleg Saprykin.
7:20 of 1st period - Shot Misses the Net.
7:22 of 1st period - Wrist shot by Brian Sutherby.
7:22 of 1st period - Stopped by Jonas Hiller with a rebound.
7:24 of 1st period - Slapshot by Danny Richmond.
7:24 of 1st period - Stopped by Jonas Hiller with a rebound.
7:26 of 1st period - Slapshot by David Hale.
7:26 of 1st period - Stopped by Jonas Hiller with a rebound.
7:28 of 1st period - Slapshot by David Hale.
7:28 of 1st period - Stopped by Jonas Hiller without a rebound.
7:29 of 1st period - Jonathan Toews wins face-off versus Derick Brassard in Sabres zone.
7:30 of 1st period - Wrist shot by Patrick Kane.
7:30 of 1st period - Shot Blocked by Johnny Boychuk.
8:06 of 1st period - Slapshot by Ilya Kovalchuk.
8:06 of 1st period - Goal by Ilya Kovalchuk - Sabres : 0 - Oilers : 3.
8:07 of 1st period - Paul Stastny wins face-off versus Derick Brassard in neutral zone.
8:20 of 1st period - Minor Penalty to Danny Richmond for High sticking.
8:21 of 1st period - Derick Brassard wins face-off versus Peter Regin in Oilers zone.
8:21 of 1st period - Wrist shot by Niclas Bergfors.
8:21 of 1st period - Stopped by Cam Ward with a rebound.
8:23 of 1st period - Snap shot by Derick Brassard.
8:23 of 1st period - Stopped by Cam Ward with a rebound.
8:25 of 1st period - Backhand shot by Niclas Bergfors.
8:25 of 1st period - Goal by Niclas Bergfors - Sabres : 1 - Oilers : 3.
8:26 of 1st period - Derick Brassard wins face-off versus Peter Regin in neutral zone.
11:19 of 1st period - Peter Regin is hit by Jay McKee and loses puck.
12:05 of 1st period - Slapshot by Mike Leclerc.
12:05 of 1st period - Shot Misses the Net.
12:07 of 1st period - Slapshot by Tyler Sloan.
12:07 of 1st period - Deflect By Daniel Cleary.
12:07 of 1st period - Stopped by Cam Ward with a rebound.
12:14 of 1st period - Icing by Ian White.
12:15 of 1st period - Jonathan Toews wins face-off versus Greg Campbell in Oilers zone.
12:24 of 1st period - Joni Pitkanen is hit by Tomas Fleischmann.
12:30 of 1st period - Slapshot by Joni Pitkanen.
12:30 of 1st period - Shot Misses the Net.
12:42 of 1st period - David Hale is hit by Niclas Bergfors and loses puck.
12:49 of 1st period - Wrist shot by Patrick Kaleta.
12:49 of 1st period - Stopped by Jonas Hiller with a rebound.
12:51 of 1st period - Snap shot by Patrick Kaleta.
12:51 of 1st period - Shot Blocked by Ryan Hollweg.
13:53 of 1st period - Snap shot by Jonathan Toews.
13:53 of 1st period - Shot Blocked by Ryan Hollweg.
13:55 of 1st period - Wrist shot by Tomas Fleischmann.
13:55 of 1st period - Deflect By Ryan Hollweg.
13:55 of 1st period - Stopped by Jonas Hiller with a rebound.
14:17 of 1st period - Wrist shot by Michael Rupp.
14:17 of 1st period - Stopped by Cam Ward with a rebound.
14:29 of 1st period - Brian Sutherby is hit by Sam Gagner and loses puck.
14:38 of 1st period - Slapshot by Kurt Sauer.
14:38 of 1st period - Shot Misses the Net.
14:54 of 1st period - Slapshot by Joni Pitkanen.
14:54 of 1st period - Deflect By Mike Leclerc.
14:54 of 1st period - Shot Misses the Net.
14:54 of 1st period - Puck is out of play.
14:55 of 1st period - Mike Fisher wins face-off versus Paul Stastny in Oilers zone.
14:58 of 1st period - Slapshot by Daniel Cleary.
14:58 of 1st period - Stopped by Cam Ward with a rebound.
15:01 of 1st period - Icing by Ian White.
15:02 of 1st period - Derick Brassard wins face-off versus Paul Stastny in Oilers zone.
15:03 of 1st period - Slapshot by Niclas Bergfors.
15:03 of 1st period - Shot Blocked by Ted Purcell.
15:05 of 1st period - Wrist shot by Ryan Hollweg.
15:05 of 1st period - Stopped by Cam Ward with a rebound.
15:07 of 1st period - Snap shot by Nathan Paetsch.
15:07 of 1st period - Stopped by Cam Ward with a rebound.
15:17 of 1st period - Slapshot by Ilya Kovalchuk.
15:17 of 1st period - Stopped by Jonas Hiller with a rebound.
16:48 of 1st period - Icing by Paul Stastny.
16:49 of 1st period - Jonathan Toews wins face-off versus Sam Gagner in Oilers zone.
16:49 of 1st period - Jonathan Toews is hit by Steve Downie.
17:39 of 1st period - Kurt Sauer is hit by Daniel Cleary and loses puck.
17:56 of 1st period - Wrist shot by Wayne Simmonds.
17:56 of 1st period - Shot Misses the Net.
17:58 of 1st period - Slapshot by Brian Sutherby.
17:58 of 1st period - Stopped by Jonas Hiller with a rebound.
18:18 of 1st period - Steve Downie is hit by Ian White and loses puck.
18:35 of 1st period - Minor Penalty to Ilya Kovalchuk for Boarding.
18:36 of 1st period - Oleg Saprykin wins face-off versus Derick Brassard in Oilers zone.
18:49 of 1st period - Slapshot by Peter Regin.
18:49 of 1st period - Shot Misses the Net.
19:38 of 1st period - Jay McKee is hit by Steve Begin and loses puck.
Goals for this period are 1 for Sabres vs 3 for Oilers.
Shots for this period are 9 for Sabres vs 17 for Oilers.

2nd period


0:01 of 2nd period - Derick Brassard wins face-off versus Brian Sutherby in neutral zone.
0:03 of 2nd period - Off-side.
0:04 of 2nd period - Brian Sutherby wins face-off versus Ryan Hollweg in neutral zone.
0:15 of 2nd period - Wrist shot by Derick Brassard.
0:15 of 2nd period - Stopped by Cam Ward without a rebound.
0:16 of 2nd period - Derick Brassard wins face-off versus Brian Sutherby in Oilers zone.
0:35 of 2nd period - Penalty to Ilya Kovalchuk is over, Ilya Kovalchuk is back on ice.
0:43 of 2nd period - Wrist shot by Peter Regin.
0:43 of 2nd period - Shot Blocked by Niclas Bergfors.
0:45 of 2nd period - Snap shot by Ilya Kovalchuk.
0:45 of 2nd period - Shot Blocked by Ole-Kristian Tollefsen.
1:01 of 2nd period - Snap shot by Ilya Kovalchuk.
1:01 of 2nd period - Shot Blocked by Ole-Kristian Tollefsen.
1:03 of 2nd period - Wrist shot by Peter Regin.
1:03 of 2nd period - Deflect By Ilya Kovalchuk.
1:03 of 2nd period - Shot Misses the Net.
1:03 of 2nd period - Puck is out of play.
1:04 of 2nd period - Jonathan Toews wins face-off versus Sam Gagner in Sabres zone.
1:11 of 2nd period - Wrist shot by Jonathan Toews.
1:11 of 2nd period - Stopped by Jonas Hiller with a rebound.
1:13 of 2nd period - Snap shot by Patrick Kane.
1:13 of 2nd period - Shot Blocked by Nathan Paetsch.
1:15 of 2nd period - Slapshot by Patrick Kane.
1:15 of 2nd period - Stopped by Jonas Hiller with a rebound.
1:17 of 2nd period - Wrist shot by Jonathan Toews.
1:17 of 2nd period - Stopped by Jonas Hiller without a rebound.
1:18 of 2nd period - Sam Gagner wins face-off versus Paul Stastny in Sabres zone.
1:29 of 2nd period - Wrist shot by Sam Gagner.
1:29 of 2nd period - Shot Misses the Net.
1:31 of 2nd period - Slapshot by Nathan Paetsch.
1:31 of 2nd period - Goal by Nathan Paetsch - Sabres : 2 - Oilers : 3.
1:32 of 2nd period - Derick Brassard wins face-off versus Jonathan Toews in neutral zone.
1:43 of 2nd period - Snap shot by Derick Brassard.
1:43 of 2nd period - Stopped by Cam Ward without a rebound.
1:44 of 2nd period - Derick Brassard wins face-off versus Patrick Kane in Oilers zone.
1:45 of 2nd period - Slapshot by Joni Pitkanen.
1:45 of 2nd period - Deflect By Patrick Kane.
1:45 of 2nd period - Stopped by Cam Ward with a rebound.
1:47 of 2nd period - Slapshot by Joni Pitkanen.
1:47 of 2nd period - Deflect By Zach Bogosian.
1:47 of 2nd period - Stopped by Cam Ward with a rebound.
2:16 of 2nd period - Slapshot by Ian White.
2:16 of 2nd period - Stopped by Jonas Hiller without a rebound.
2:17 of 2nd period - Ted Purcell wins face-off versus Sam Gagner in Sabres zone.
2:18 of 2nd period - Wrist shot by Ilya Kovalchuk.
2:18 of 2nd period - Stopped by Jonas Hiller without a rebound.
2:19 of 2nd period - Paul Stastny wins face-off versus Sam Gagner in Sabres zone.
2:54 of 2nd period - Snap shot by Niclas Bergfors.
2:54 of 2nd period - Shot Misses the Net.
3:28 of 2nd period - Slapshot by Ian White.
3:28 of 2nd period - Stopped by Jonas Hiller without a rebound.
3:29 of 2nd period - Greg Campbell wins face-off versus Brian Sutherby in Sabres zone.
3:36 of 2nd period - Backhand shot by Wayne Simmonds.
3:36 of 2nd period - Goal by Wayne Simmonds - Sabres : 2 - Oilers : 4.
3:37 of 2nd period - Derick Brassard wins face-off versus Paul Stastny in neutral zone.
3:42 of 2nd period - Snap shot by Niclas Bergfors.
3:42 of 2nd period - Stopped by Cam Ward without a rebound.
3:43 of 2nd period - Ilya Kovalchuk wins face-off versus Derick Brassard in Oilers zone.
4:04 of 2nd period - Minor Penalty to Ilya Kovalchuk for Tripping.
4:05 of 2nd period - Brian Sutherby wins face-off versus Derick Brassard in Oilers zone.
4:14 of 2nd period - Snap shot by Joni Pitkanen.
4:14 of 2nd period - Shot Blocked by Ian White.
4:16 of 2nd period - Snap shot by Niclas Bergfors.
4:16 of 2nd period - Shot Misses the Net.
4:18 of 2nd period - Snap shot by Derick Brassard.
4:18 of 2nd period - Shot Blocked by Rob Scuderi.
4:20 of 2nd period - Snap shot by Ryan Hollweg.
4:20 of 2nd period - Shot Misses the Net.
4:30 of 2nd period - Ole-Kristian Tollefsen is hit by Rob Scuderi and loses puck.
5:04 of 2nd period - Icing by Joni Pitkanen.
5:05 of 2nd period - Brian Sutherby wins face-off versus Sam Gagner in Sabres zone.
5:24 of 2nd period - Snap shot by Niclas Bergfors.
5:24 of 2nd period - Deflect By Steve Begin.
5:24 of 2nd period - Stopped by Cam Ward with a rebound.
5:26 of 2nd period - Slapshot by Jay McKee.
5:26 of 2nd period - Deflect By Derick Brassard.
5:26 of 2nd period - Stopped by Cam Ward without a rebound.
5:27 of 2nd period - Peter Regin wins face-off versus Derick Brassard in Oilers zone.
5:36 of 2nd period - Snap shot by Niclas Bergfors.
5:36 of 2nd period - Deflect By Ryan Hollweg.
5:36 of 2nd period - Goal by Ryan Hollweg - Sabres : 3 - Oilers : 4.
5:37 of 2nd period - Derick Brassard wins face-off versus Jonathan Toews in neutral zone.
6:12 of 2nd period - Wrist shot by Antoine Roussel.
6:12 of 2nd period - Stopped by Cam Ward without a rebound.
6:13 of 2nd period - Sam Gagner wins face-off versus Patrick Kane in Oilers zone.
6:46 of 2nd period - Slapshot by Ilya Kovalchuk.
6:46 of 2nd period - Deflect By Paul Stastny.
6:46 of 2nd period - Stopped by Jonas Hiller with a rebound.
6:48 of 2nd period - Slapshot by Zach Bogosian.
6:48 of 2nd period - Stopped by Jonas Hiller without a rebound.
6:49 of 2nd period - Mike Fisher wins face-off versus Jonathan Toews in Sabres zone.
6:54 of 2nd period - Tyler Sloan is hit by Kurt Sauer and loses puck.
7:05 of 2nd period - Snap shot by Patrick Kane.
7:05 of 2nd period - Stopped by Jonas Hiller without a rebound.
7:06 of 2nd period - Paul Stastny wins face-off versus Derick Brassard in Sabres zone.
7:44 of 2nd period - Ole-Kristian Tollefsen is hit by Rob Scuderi and loses puck.
8:30 of 2nd period - Snap shot by Niclas Bergfors.
8:30 of 2nd period - Stopped by Cam Ward with a rebound.
8:42 of 2nd period - Snap shot by Niclas Bergfors.
8:42 of 2nd period - Stopped by Cam Ward without a rebound.
8:43 of 2nd period - Jonathan Toews wins face-off versus Sam Gagner in Oilers zone.
8:43 of 2nd period - Jonathan Toews is hit by Antoine Roussel.
8:46 of 2nd period - Minor Penalty to Tomas Fleischmann for Hooking.
8:47 of 2nd period - Brian Sutherby wins face-off versus Sam Gagner in Oilers zone.
10:46 of 2nd period - Penalty to Tomas Fleischmann is over, Tomas Fleischmann is back on ice.
11:07 of 2nd period - Snap shot by Patrick Kane.
11:07 of 2nd period - Shot Misses the Net.
11:20 of 2nd period - Minor Penalty to Zach Bogosian for Holding.
11:21 of 2nd period - Peter Regin wins face-off versus Sam Gagner in Oilers zone.
11:34 of 2nd period - Slapshot by Johnny Boychuk.
11:34 of 2nd period - Shot Blocked by Rob Scuderi.
11:36 of 2nd period - Wrist shot by Steve Downie.
11:36 of 2nd period - Goal by Steve Downie - Sabres : 4 - Oilers : 4.
11:37 of 2nd period - Sam Gagner wins face-off versus Jonathan Toews in neutral zone.
12:10 of 2nd period - Wrist shot by Steve Begin.
12:10 of 2nd period - Stopped by Jonas Hiller without a rebound.
12:11 of 2nd period - Peter Regin wins face-off versus Antoine Roussel in Sabres zone.
12:22 of 2nd period - Snap shot by Patrick Kaleta.
12:22 of 2nd period - Stopped by Jonas Hiller without a rebound.
12:23 of 2nd period - Ryan Hollweg wins face-off versus Jonathan Toews in Sabres zone.
12:52 of 2nd period - Icing by Sam Gagner.
12:53 of 2nd period - Sam Gagner wins face-off versus Paul Stastny in Sabres zone.
12:53 of 2nd period - Sam Gagner is hit by Ilya Kovalchuk.
12:59 of 2nd period - Slapshot by Nathan Paetsch.
12:59 of 2nd period - Deflect By Antoine Roussel.
12:59 of 2nd period - Shot Blocked by Danny Richmond.
12:59 of 2nd period - Puck is out of play.
13:00 of 2nd period - Jonathan Toews wins face-off versus Derick Brassard in Oilers zone.
13:17 of 2nd period - Snap shot by Patrick Kane.
13:17 of 2nd period - Shot Misses the Net.
13:27 of 2nd period - Snap shot by Peter Regin.
13:27 of 2nd period - Stopped by Jonas Hiller without a rebound.
13:28 of 2nd period - Sam Gagner wins face-off versus Patrick Kaleta in Sabres zone.
13:33 of 2nd period - Wrist shot by Steve Begin.
13:33 of 2nd period - Deflect By Antoine Roussel.
13:33 of 2nd period - Shot Blocked by Jay McKee.
13:33 of 2nd period - Puck is out of play.
13:34 of 2nd period - Peter Regin wins face-off versus Sam Gagner in Sabres zone.
14:01 of 2nd period - Wrist shot by Patrick Kaleta.
14:01 of 2nd period - Shot Blocked by Johnny Boychuk.
14:03 of 2nd period - Snap shot by Peter Regin.
14:03 of 2nd period - Shot Misses the Net.
14:05 of 2nd period - Snap shot by Steve Begin.
14:05 of 2nd period - Stopped by Jonas Hiller without a rebound.
14:06 of 2nd period - Jonathan Toews wins face-off versus Niclas Bergfors in Sabres zone.
14:13 of 2nd period - Slapshot by Patrick Kane.
14:13 of 2nd period - Shot Blocked by Nathan Paetsch.
14:55 of 2nd period - Slapshot by Zach Bogosian.
14:55 of 2nd period - Shot Misses the Net.
14:57 of 2nd period - Slapshot by Kurt Sauer.
14:57 of 2nd period - Deflect By Wayne Simmonds.
14:57 of 2nd period - Shot Misses the Net.
14:57 of 2nd period - Puck is out of play.
14:58 of 2nd period - Jonathan Toews wins face-off versus Greg Campbell in Sabres zone.
15:23 of 2nd period - Johnny Boychuk is hit by Jonathan Toews and loses puck.
15:37 of 2nd period - Snap shot by Greg Campbell.
15:37 of 2nd period - Stopped by Cam Ward without a rebound.
15:38 of 2nd period - Paul Stastny wins face-off versus Derick Brassard in Oilers zone.
15:47 of 2nd period - Ted Purcell is hit by Niclas Bergfors and loses puck.
16:04 of 2nd period - Steve Downie is hit by Steve Begin and loses puck.
17:23 of 2nd period - Off-side.
17:24 of 2nd period - Peter Regin wins face-off versus Sam Gagner in neutral zone.
17:31 of 2nd period - Wrist shot by Peter Regin.
17:31 of 2nd period - Shot Blocked by Joni Pitkanen.
17:33 of 2nd period - Backhand shot by Patrick Kaleta.
17:33 of 2nd period - Shot Blocked by Antoine Roussel.
17:35 of 2nd period - Snap shot by Steve Begin.
17:35 of 2nd period - Deflect By Joni Pitkanen.
17:35 of 2nd period - Shot Blocked by Ole-Kristian Tollefsen.
17:35 of 2nd period - Puck is out of play.
17:36 of 2nd period - Jonathan Toews wins face-off versus Derick Brassard in Sabres zone.
17:41 of 2nd period - Slapshot by Patrick Kane.
17:41 of 2nd period - Stopped by Jonas Hiller with a rebound.
18:26 of 2nd period - Slapshot by Niclas Bergfors.
18:26 of 2nd period - Stopped by Cam Ward with a rebound.
18:37 of 2nd period - Minor Penalty to Ryan Hollweg for Hooking.
18:38 of 2nd period - Jonathan Toews wins face-off versus Greg Campbell in Sabres zone.
19:11 of 2nd period - Slapshot by Zach Bogosian.
19:11 of 2nd period - Stopped by Jonas Hiller without a rebound.
19:12 of 2nd period - Greg Campbell wins face-off versus Paul Stastny in Sabres zone.
19:15 of 2nd period - Snap shot by Ted Purcell.
19:15 of 2nd period - Shot Misses the Net.
19:55 of 2nd period - Greg Campbell is hit by Ilya Kovalchuk and loses puck.
Goals for this period are 3 for Sabres vs 1 for Oilers.
Shots for this period are 15 for Sabres vs 16 for Oilers.

3rd period


0:01 of 3rd period - Patrick Kane wins face-off versus Greg Campbell in neutral zone.
0:37 of 3rd period - Penalty to Ryan Hollweg is over, Ryan Hollweg is back on ice.
0:38 of 3rd period - Snap shot by Ilya Kovalchuk.
0:38 of 3rd period - Stopped by Jonas Hiller with a rebound.
0:59 of 3rd period - Minor Penalty to Danny Richmond for Holding.
1:00 of 3rd period - Derick Brassard wins face-off versus Peter Regin in Oilers zone.
1:06 of 3rd period - Snap shot by Derick Brassard.
1:06 of 3rd period - Shot Blocked by Rob Scuderi.
1:26 of 3rd period - Sam Gagner is hit by Steve Begin and loses puck.
1:36 of 3rd period - Off-side.
1:37 of 3rd period - Derick Brassard wins face-off versus Brian Sutherby in neutral zone.
1:44 of 3rd period - Slapshot by Johnny Boychuk.
1:44 of 3rd period - Deflect By Ryan Hollweg.
1:44 of 3rd period - Shot Misses the Net.
1:44 of 3rd period - Puck is out of play.
1:45 of 3rd period - Derick Brassard wins face-off versus Brian Sutherby in Oilers zone.
2:35 of 3rd period - Niclas Bergfors is hit by Rob Scuderi and loses puck.
2:59 of 3rd period - Penalty to Danny Richmond is over, Danny Richmond is back on ice.
3:35 of 3rd period - Snap shot by Michael Rupp.
3:35 of 3rd period - Shot Misses the Net.
3:37 of 3rd period - Snap shot by Michael Rupp.
3:37 of 3rd period - Stopped by Cam Ward without a rebound.
3:38 of 3rd period - Derick Brassard wins face-off versus Paul Stastny in Oilers zone.
3:39 of 3rd period - Snap shot by Niclas Bergfors.
3:39 of 3rd period - Stopped by Cam Ward without a rebound.
3:40 of 3rd period - Paul Stastny wins face-off versus Derick Brassard in Oilers zone.
6:16 of 3rd period - Off-side.
6:17 of 3rd period - Paul Stastny wins face-off versus Derick Brassard in neutral zone.
6:49 of 3rd period - Off-side.
6:50 of 3rd period - Jonathan Toews wins face-off versus Sam Gagner in neutral zone.
6:55 of 3rd period - Slapshot by Rob Scuderi.
6:55 of 3rd period - Shot Blocked by Steve Downie.
6:57 of 3rd period - Wrist shot by Tomas Fleischmann.
6:57 of 3rd period - Deflect By Patrick Kane.
6:57 of 3rd period - Shot Misses the Net.
6:57 of 3rd period - Puck is out of play.
6:58 of 3rd period - Jonathan Toews wins face-off versus Derick Brassard in Sabres zone.
7:36 of 3rd period - Wrist shot by Paul Stastny.
7:36 of 3rd period - Shot Blocked by Joni Pitkanen.
7:50 of 3rd period - Slapshot by Oleg Saprykin.
7:50 of 3rd period - Goal by Oleg Saprykin - Sabres : 4 - Oilers : 5.
7:51 of 3rd period - Jonathan Toews wins face-off versus Derick Brassard in neutral zone.
8:31 of 3rd period - Wrist shot by Steve Begin.
8:31 of 3rd period - Stopped by Jonas Hiller without a rebound.
8:32 of 3rd period - Tomas Fleischmann wins face-off versus Sam Gagner in Sabres zone.
8:37 of 3rd period - Wrist shot by Jonathan Toews.
8:37 of 3rd period - Shot Misses the Net.
8:40 of 3rd period - Icing by Ole-Kristian Tollefsen.
8:41 of 3rd period - Jonathan Toews wins face-off versus Sam Gagner in Sabres zone.
8:50 of 3rd period - Snap shot by Patrick Kane.
8:50 of 3rd period - Shot Misses the Net.
9:23 of 3rd period - Minor Penalty to Danny Richmond for Unsportsmanlike conduct.
9:24 of 3rd period - Peter Regin wins face-off versus Derick Brassard in Oilers zone.
9:50 of 3rd period - Johnny Boychuk is hit by Brian Sutherby and loses puck.
11:12 of 3rd period - Icing by Antoine Roussel.
11:13 of 3rd period - Brian Sutherby wins face-off versus Steve Downie in Sabres zone.
11:23 of 3rd period - Penalty to Danny Richmond is over, Danny Richmond is back on ice.
11:35 of 3rd period - Slapshot by Mike Fisher.
11:35 of 3rd period - Stopped by Cam Ward without a rebound.
11:36 of 3rd period - Mike Fisher wins face-off versus Ted Purcell in Oilers zone.
11:53 of 3rd period - Slapshot by Ilya Kovalchuk.
11:53 of 3rd period - Shot Misses the Net.
12:24 of 3rd period - Icing by Niclas Bergfors.
12:25 of 3rd period - Peter Regin wins face-off versus Greg Campbell in Sabres zone.
12:57 of 3rd period - Icing by Ilya Kovalchuk.
12:58 of 3rd period - Derick Brassard wins face-off versus Paul Stastny in Oilers zone.
13:10 of 3rd period - Minor Penalty to Ryan Hollweg for Holding.
13:11 of 3rd period - Jonathan Toews wins face-off versus Greg Campbell in Sabres zone.
13:24 of 3rd period - Snap shot by Mike Leclerc.
13:24 of 3rd period - Deflect By Greg Campbell.
13:24 of 3rd period - Stopped by Cam Ward without a rebound.
13:25 of 3rd period - Greg Campbell wins face-off versus Paul Stastny in Oilers zone.
13:26 of 3rd period - Slapshot by Ole-Kristian Tollefsen.
13:26 of 3rd period - Deflect By Ted Purcell.
13:26 of 3rd period - Stopped by Cam Ward with a rebound.
15:10 of 3rd period - Penalty to Ryan Hollweg is over, Ryan Hollweg is back on ice.
15:33 of 3rd period - Backhand shot by Ryan Hollweg.
15:33 of 3rd period - Shot Blocked by Danny Richmond.
17:26 of 3rd period - Wrist shot by Jonas Hoglund.
17:26 of 3rd period - Shot Misses the Net.
17:48 of 3rd period - Wrist shot by Patrick Kaleta.
17:48 of 3rd period - Shot Misses the Net.
17:50 of 3rd period - Snap shot by Patrick Kaleta.
17:50 of 3rd period - Deflect By Steve Begin.
17:50 of 3rd period - Stopped by Jonas Hiller with a rebound.
18:18 of 3rd period - Slapshot by Brian Sutherby.
18:18 of 3rd period - Deflect By Mike Fisher.
18:18 of 3rd period - Stopped by Jonas Hiller without a rebound.
18:19 of 3rd period - Brian Sutherby wins face-off versus Mike Fisher in Sabres zone.
18:38 of 3rd period - Minor Penalty to Brian Sutherby for Interference.
18:39 of 3rd period - Derick Brassard wins face-off versus Peter Regin in Oilers zone.
19:10 of 3rd period - Sabres, Jonas Hiller is pulled from the net.
Goals for this period are 0 for Sabres vs 1 for Oilers.
Shots for this period are 5 for Sabres vs 5 for Oilers.